 Dungeon Crawl Stone Soup version 0.21-a0-630-g344d351 (webtiles) character file.

89 slep the Slasher (level 4, -1/35 HPs)
             Began as a Barachi Gladiator on Dec 27, 2017.
             Slain by an orc (4 damage)
             ... on level 2 of the Dungeon.
             The game lasted 00:05:12 (1059 turns).

slep the Slasher (Barachi Gladiator)                Turns: 1059, Time: 00:05:13

Health: -1/35      AC:  4    Str: 16    XL:     4   Next: 55%
Magic:  4/4        EV: 13    Int:  8    God:
Gold:   98         SH:  0    Dex: 14    Spells: 3/3 levels left

rFire    . . .     SeeInvis .   k - +0 long sword (holy)
rCold    . . .     Gourm    .   (no shield)
rNeg     . . .     Faith    .   b - +0 leather armour
rPois    .         Spirit   .   c - +0 helmet
rElec    .         Reflect  .   (no cloak)
rCorr    .         Harm     .   (no gloves)
MR       .....                  (no boots)
Stlth    +.........             (no amulet)
HPRegen  0.11/turn              (no ring)
MPRegen  0.09/turn              (no ring)

@: slow
A: +LOS, swims, slowness 1, strong legs 1
a: Hop


You were on level 2 of the Dungeon.
You were very hungry.

You visited 1 branch of the dungeon, and saw 2 of its levels.

You collected 98 gold pieces.

Inventory:

Hand Weapons
 a - a +0 long sword
 k - a +0 long sword of holy wrath (weapon)
Missiles
 d - 4 throwing nets (quivered)
Armour
 b - a +0 leather armour (worn)
 c - a +0 helmet (worn)
Scrolls
 g - a scroll of noise {unknown}
Potions
 e - a potion of resistance {unknown}
 h - a potion of invisibility {unknown}
 i - a potion of flight {unknown}
 j - 3 potions of curing {unknown}
 l - a potion of ambrosia {unknown}
Comestibles
 f - a ration


   Skills:
 + Level 3.0 Fighting
 + Level 5.0 Long Blades
 + Level 2.1 Throwing
 + Level 1.3 Armour
 + Level 3.9 Dodging
 + Level 0.4 Stealth


You had 3 spell levels left.
You didn't know any spells.

Dungeon Overview and Level Annotations

Branches:
Dungeon (2/15)

Altars:


Innate Abilities, Weirdness & Mutations

Shadows flee at your approach. (+LOS)
You can swim through water.
You cover ground slowly.
You can hop short distances.


Message History

Your Long Blades skill increases to level 5!
Your Armour skill increases to level 1!
The orc misses you. The orc barely misses you.
You riposte.
You hit the orc but do no damage. You slash the orc!
You kill the orc!
The orc hits you.
* * * LOW HITPOINT WARNING * * *
You hit the orc.
The orc is heavily wounded.
The orc hits you.
* * * LOW HITPOINT WARNING * * *
You closely miss the orc.
The orc is heavily wounded.
The orc hits you but does no damage.
Unknown command.
You barely miss the orc.
The orc is heavily wounded.
The orc hits you.
You die...

.# .# . .# ##.#
.########### ...
.##........# #.#
.##.######.# ####.# .##.#
#.# #....# ....#
#.###.##)##
.#########(....o@).#
...............####......
################ ##.#


You could see an orc.

Vanquished Creatures
  An orc priest (D:2)
  An adder (D:2)
  An ooze (D:1)
  3 dart slugs (D:1)
  A leopard gecko (D:2)
  2 orcs (D:2)
  8 bats
  A giant cockroach (D:1)
  5 goblins
  5 hobgoblins
  7 kobolds
  3 frilled lizards
  2 rats (D:1)
40 creatures vanquished.

Notes
Turn   | Place    | Note
-------+----------+-------------------------------------------
     0 | D:1      | slep the Barachi Gladiator began the quest for the Orb.
     0 | D:1      | Reached XP level 1. HP: 17/17 MP: 1/1
    50 | D:1      | Reached XP level 2. HP: 21/23 MP: 2/2
   282 | D:1      | Reached skill level 4 in Long Blades
   386 | D:1      | Reached XP level 3. HP: 21/28 MP: 3/3
   714 | D:2      | HP: 1/28 [poisoned by an adder]
  1051 | D:2      | Reached XP level 4. HP: 8/34 MP: 4/4
  1055 | D:2      | Reached skill level 5 in Long Blades
  1055 | D:2      | Reached skill level 1 in Armour
  1059 | D:2      | Slain by an orc

Vault maps used:
D:1:      dpeg_arrival_ternary
D:2:      uniq_natasha

Skill      XL: |  1  2  3  4 |
---------------+-------------+-----
Long Blades    | 4 5 |  5.0
Fighting       | 3 |  3.0
Armour         | 1 |  1.3
Throwing       | |  2.1
Dodging        | |  3.9
Stealth        | |  0.4

Action                   |  1- 3 |  4- 6 || total
-------------------------+-------+-------++-------
Melee: Long sword        |    89 |     7 ||    96
Armor: Leather armour    |    26 |     1 ||    27
Dodge: Dodged            |    90 |    10 ||   100
       Rpst.: Long sword |    25 |     3 ||    28

Table legend:
 A = Spawn XP
 B = Non-spawn XP
 C = Spawn XP percentage of total XP
 D = Spawn monster count
 E = Non-spawn monster count
 F = Spawn count percentage of total count
 G = Total turns spent on level
                    A         B        C        D         E        F      G
               +---------+---------+-------+---------+---------+-------+---------
         Total |       0 |     128 |   0.0 |       0 |      40 |   0.0 |  1059
               +---------+---------+-------+---------+---------+-------+---------
           D:1 |       0 |      55 |   0.0 |       0 |      28 |   0.0 |   669
           D:2 |       0 |      73 |   0.0 |       0 |      12 |   0.0 |   390
               +---------+---------+-------+---------+---------+-------+---------
